 Dungeon Crawl Stone Soup version 0.18-a0-1206-g2bec475 (webtiles) character file.

177 Herrn the Skirmisher (level 5, 0/61 HPs)
             Began as a Formicid Skald on Feb 2, 2016.
             Succumbed to a worker ant's poison
             ... on level 4 of the Dungeon.
             The game lasted 00:06:50 (4401 turns).

Herrn the Skirmisher (Formicid Skald)               Turns: 4401, Time: 00:06:50

Health: 0/61       AC: 22    Str: 17    XL:     5   Next: 87%
Magic:  1/8        EV:  2    Int: 12    God:
Gold:   147        SH:  0    Dex: 15    Spells: 1 memorised, 7 levels left

rFire  + . .     SeeInvis .     a - +0 hand axe
rCold  + . .     Gourm    +     (armour currently unavailable)
rNeg   + + +     Faith    .     (no shield)
rPois  +         Spirit   .     (helmet unavailable)
rElec  +         Dismiss  .     (cloak currently unavailable)
rCorr  +         Reflect  .     (gloves currently unavailable)
SustAt .         Harm     .     (boots currently unavailable)
MR     .....                    l - amulet of the gourmand
Stlth  ++........               x - ring of positive energy
                                t - ring of wizardry

@: agile, lethally poisoned (0 -> -3), tree-form, resistant, very slightly
contaminated, invisible, not resistant to hostile enchantments, unstealthy
A: permanent stasis, dig shafts and tunnels, four strong arms, (antennae 0)
a: no special abilities


You were on level 4 of the Dungeon.
You were full.
You were a tree.
You visited 1 branch of the dungeon, and saw 4 of its levels.

You collected 147 gold pieces.

Inventory:

Hand Weapons
 a - a +0 hand axe (weapon)
Armour
 b - a +0 leather armour (melded)
Jewellery
 l - an amulet of the gourmand (around neck)
 t - a ring of wizardry (left branch)
 x - a ring of positive energy (right branch)
Wands
 o - a wand of random effects (30/48)
Scrolls
 g - 2 scrolls of remove curse {unknown}
 h - a scroll of magic mapping {unknown}
 i - 3 scrolls of immolation {unknown}
 m - 3 scrolls of identify {unknown}
 n - 2 scrolls of recharging {unknown}
 p - a scroll of fear {unknown}
 v - 6 scrolls of teleportation {unknown}
 y - a scroll of amnesia {unknown}
Potions
 e - a potion of flight
Books
 c - a book of Battle

   Spells                             Type                      Level
   a - Infusion                       Charms                       1
   b - Shroud of Golubria             Charms/Translocation         2
   c - Song of Slaying                Charms                       2
   d - Spectral Weapon                Hexes/Charms                 3
   e - Regeneration                   Charms/Necromancy            3
Comestibles
 d - 2 bread rations
 j - 3 meat rations
 r - 2 beef jerkies
 s - a royal jelly


   Skills:
 * Level 3.5 Fighting
 * Level 3.1 Axes
 + Level 2.4 Armour
 * Level 2.9 Dodging
 - Level 2.1 Spellcasting
 - Level 3.0 Charms


You had 7 spell levels left.
You knew the following spells:

 Your Spells              Type           Power        Failure   Level  Hunger
a - Infusion              Chrm           #...         4%          1    ##.....


Dungeon Overview and Level Annotations

Branches:
Dungeon (4/15)
 Temple: D:4-7

Altars:
Cheibriados
Pakellas
The Shining One


Innate Abilities, Weirdness & Mutations

You are under a permanent stasis effect.
You can dig through walls and to a lower floor.
Your four strong arms can wield two-handed weapons with a shield.
((You have a pair of large antennae on your head (SInv).))


Message History

The adder bites you.
* * * LOW HITPOINT WARNING * * *
The adder bites you but does no damage.
You strike the helpless adder from behind!
You hit the adder.
You kill the adder!
* * * LOW HITPOINT WARNING * * *
You feel sick.
Unknown command.
Drink which item? (? for menu, Esc to quit)
Okay, then.
Unknown command.
There is a lethal amount of poison in your body!
There is a lethal amount of poison in your body!
There is a lethal amount of poison in your body!
There is a lethal amount of poison in your body!
You are no longer magically infusing your attacks.
* * * LOW HITPOINT WARNING * * *
You feel sick.
You die...

... # ...#.# {
# #. ...#.#
#.#.##..#.#
.......#.###
#.....#.#<#
...<#.#.#
.#######.##.#.#
.......♣....#.#
#.#.a.........#
#.####.######
.. ...# # ##..#
#..# #..# #..#


You could see a worker ant (wandering).

Vanquished Creatures
  Robin (D:3)
  8 adders
  2 oozes
  3 worms
  2 giant geckos
  An orc (D:3)
  A ball python (D:2)
  11 bats
  3 giant cockroaches (D:2)
  13 goblins
  7 hobgoblins
  3 jackals (D:2)
  8 kobolds
  3 giant newts
  8 rats
74 creatures vanquished.

Vanquished Creatures (others)
  An orange crystal statue (D:2)
1 creature vanquished.

Grand Total: 75 creatures vanquished

Notes
Turn   | Place    | Note
--------------------------------------------------------------
     0 | D:1      | Herrn the Formicid Skald began the quest for the Orb.
     0 | D:1      | Reached XP level 1. HP: 16/16 MP: 3/3
    14 | D:1      | Reached skill level 1 in Dodging
   103 | D:1      | Reached XP level 2. HP: 20/23 MP: 5/5
   263 | D:1      | Reached XP level 3. HP: 14/28 MP: 6/6
  1131 | D:2      | HP: 1/28 [adder (5)]
  1133 | D:2      | Reached XP level 4. HP: 9/34 MP: 7/7
  2048 | D:2      | Found an oddly glowing altar of Pakellas.
  2050 | D:2      | Noticed an orange crystal statue
  2051 | D:2      | Noticed a wasp
  2069 | D:2      | Killed an orange crystal statue
  2799 | D:2      | Reached XP level 5. HP: 21/41 MP: 5/8
  3215 | D:3      | Found a faded altar to an unknown god.
  3283 | D:3      | Noticed Robin
  3373 | D:3      | Killed Robin
  3672 | D:3      | Found a glowing golden altar of the Shining One.
  3672 | D:3      | Found a snail-covered altar of Cheibriados.
  4397 | D:4      | HP: 2/61 [adder (2)]
  4401 | D:4      | Succumbed to a worker ant's poison

Vault maps used:
D:1:      mushboom_english_gardens
D:2:      gammafunk_pakellas_statue_experiment
D:3:      gammafunk_temple_overflow_wave, ecumenical_altar_1, uniq_robin
D:4:      temple_pool_b, minivault_14, st_stairs_14

Action                   |  1- 3 |  4- 6 || total
-------------------------+-------+-------++-------
Melee: Hand axe          |   122 |   225 ||   347
 Cast: Infusion          |       |     7 ||     7
 Abil: Dig               |       |     2 ||     2
  Use: Potion            |     2 |     6 ||     8
 Stab: Invisible         |       |     3 ||     3
  Eat: Chunk             |     9 |    13 ||    22
